AoeStats
← blb_00

Nomad

509343203Analyzed
2v2 RM · 5d ago on Sep 26, 2026· 35m 1s· 4 players
Game mode
Random Map
Map size
176×176
Population
200
Speed
Normal
Resources
Standard
Victory
Conquest
Starting age
Dark Age
Ending age
Imperial Age
RankedLock teamsTeams togetherTeam positionsShared explorationLock speedFull tech treeHidden civsTurbo modeCheats
Victory
Defeat
🇵🇱 Burmese · Poland
786
+14
🇺🇸 Vikings · United States
774
+15
🇪🇸 Gurjaras · Spain
754
-15
🇸🇮 Koreans · Slovenia
745
-14
sammy.adware
3:57 Loom
13:21 Feudal Age
13:54 Double-Bit Axe
15:02 Wheelbarrow
16:22 Horse Collar
21:37 Fishing Lines
21:30 Man-at-Arms
21:56 Arson
24:20 Stone Mining
24:23 Gold Mining
24:24 Stone Mining
25:01 Town Watch
28:02 Castle Age
28:57 Bow Saw
29:43 Medium Warships
29:26 Gillnets
29:52 Heavy Plow
30:10 Hand Cart
30:39 Long Swordsman
31:19 Squires
32:35 Forging
34:43 Husbandry
34:04 Light Cavalry
blb_00
13:07 Loom
15:39 Feudal Age
16:09 Double-Bit Axe
17:21 Wheelbarrow
17:15 Horse Collar
23:03 Castle Age
22:10 Stone Mining
22:18 Gold Mining
24:58 Bow Saw
27:07 Man-at-Arms
30:11 Scale Barding Armor
32:15 Hand Cart
34:11 Stone Shaft Mining
MyR3alName
6:32 Loom
14:49 Feudal Age
16:29 Wheelbarrow
17:34 Man-at-Arms
18:11 Gold Mining
21:16 Castle Age
20:24 Fishing Lines
21:17 Forging
21:20 Stone Mining
21:46 Long Swordsman
25:36 Scale Mail Armor
30:28 Iron Casting
31:51 Masonry
32:14 Fletching
33:24 Gold Shaft Mining
34:16 Bodkin Arrow
34:28 Gambesons
34:38 Arson
XFREDJRX
6:41 Loom
13:47 Feudal Age
14:17 Double-Bit Axe
16:16 Fishing Lines
18:20 Man-at-Arms
18:49 Arson
23:09 Castle Age
22:37 Gold Mining
24:36 Crossbowman
25:21 Scale Mail Armor
25:12 Fletching
25:33 Forging
24:47 Long Swordsman
25:31 Squires
24:52 Pikeman
25:25 Gillnets
28:52 Iron Casting
33:37 Medium Warships
34:14 Chieftains
Connection lost

Rejoining the realm…

Still unreachable

The connection could not be restored.

Session expired

The server has moved on; the page needs a fresh start.